MLB
LOS ANGELES DODGERS @ COLORADO ROCKIES
06/01/2018
 
TOP OF THE 1ST
Los Angeles Dodgers batting - Pitching for Colorado Rockies : LHP Tyler Skaggs
Pitching: LHP Tyler Skaggs
Batting: RHB Mookie Betts 0-0: Ball
1-0: Fly out, F9 (Flyball, 9LM)
Batting: RHB Jose Peraza 0-0: Fly out, F9 (Line Drive, 9)
Batting: RHB David Freese 0-0: Ball
1-0: Ball
2-0: Foul Ball, location: 2F
2-1: Swinging Strike
2-2: Ball
3-2: Foul Ball, location: 2F
3-2: Ground out 1-3 (Groundball, 13)
Top of the 1st over - 0 runs, 0 hits, 0 errors, 0 left on base; Los Angeles 0 - Colorado 0
BOTTOM OF THE 1ST
Colorado Rockies batting - Pitching for Los Angeles Dodgers : RHP Jeff Samardzija
Pitching: RHP Jeff Samardzija
Batting: LHB Jake Bauers 0-0: Foul Ball, location: 2F
0-1: Fly out, F8 (Flyball, 8RS)
Batting: LHB Nick Markakis 0-0: DOUBLE (Line Drive, 7LD)
Batting: RHB Mike Trout 0-0: Called Strike
0-1: Called Strike
0-2: SINGLE (Flyball, 7LM)
Nick Markakis to third
Runner from 3rd tries for Home, SAFE, throw by LF to home
Batting: RHB Brett Lawrie 0-0: Ball
Wild Pitch!
Mike Trout to second
1-0: Called Strike
1-1: Swinging Strike
1-2: Ball
2-2: Foul Ball, location: 2F
2-2: Foul Ball, location: 2F
2-2: Strikes out looking
Batting: RHB Jordy Mercer 0-0: Ball
1-0: Ball
2-0: Ball
3-0: Called Strike
3-1: SINGLE (Groundball, 6D)
Mike Trout to third
Runner from 3rd tries for Home, SAFE, no throw by CF
Batting: LHB Tommy La Stella 0-0: Called Strike
0-1: Foul Ball, location: 2F
0-2: Ball
1-2: Foul Ball, location: 2F
1-2: Ball
2-2: Foul Ball, location: 2F
2-2: Ball
3-2: Foul Ball, location: 2F
3-2: Foul Ball, location: 2F
3-2: Base on Balls
Jordy Mercer to second
Batting: RHB Brandon Guyer 0-0: Foul Ball, location: 2F
0-1: Swinging Strike
0-2: Ball
1-2: Fly out, F8 (Line Drive, 8LD)
Bottom of the 1st over - 2 runs, 3 hits, 0 errors, 2 left on base; Los Angeles 0 - Colorado 2
TOP OF THE 2ND
Los Angeles Dodgers batting - Pitching for Colorado Rockies : LHP Tyler Skaggs
Batting: RHB Randal Grichuk 0-0: Ball
1-0: SINGLE (Line Drive, 7S)
Batting: RHB Evan Gattis 0-0: TRIPLE (Line Drive, 78XD)
Randal Grichuk scores
Batting: LHB Brett Gardner 0-0: Ball
1-0: Called Strike
1-1: Foul Ball, location: 2F
1-2: Foul Ball, location: 2F
1-2: Ball
2-2: Foul Ball, location: 2F
2-2: Foul Ball, location: 2F
2-2: Hit by Pitch
Batting: RHB Jonathan Schoop 0-0: Ball
1-0: Swinging Strike
1-1: Fly out, F7 (Flyball, 7LMF)
Runner from 3rd tags up, SCORES, throw by LF
Batting: SHB Wilmer Difo 0-0: Ball
1-0: Foul Ball, location: 2F
1-1: Foul Ball, location: 2F
1-2: Foul Ball, location: 2F
1-2: Foul Ball, location: 2F
1-2: Foul Ball, location: 2F
1-2: DOUBLE (Line Drive, 9LM)
Brett Gardner to third
Batting: RHB Jeff Samardzija 0-0: Swinging Strike
0-1: Swinging Strike
0-2: Ball
1-2: Ball
2-2: Foul Ball, location: 2F
2-2: Strikes out swinging
Batting: RHB Mookie Betts 0-0: Called Strike
0-1: Swinging Strike
0-2: Ground out 6-3 (Groundball, 6)
Top of the 2nd over - 2 runs, 3 hits, 0 errors, 2 left on base; Los Angeles 2 - Colorado 2
BOTTOM OF THE 2ND
Colorado Rockies batting - Pitching for Los Angeles Dodgers : RHP Jeff Samardzija
Batting: SHB Sandy Leon 0-0: Called Strike
0-1: Fly out, F2 (Popup, 23F)
Batting: LHB Tyler Skaggs 0-0: SINGLE (Groundball, 56S) (infield hit)
Batting: LHB Jake Bauers 0-0: Foul Ball, location: 2F
0-1: Foul Ball, location: 2F
0-2: Ball
1-2: Foul Ball, location: 2F
1-2: Strikes out swinging
Batting: LHB Nick Markakis 0-0: Ball
1-0: Ball
2-0: Foul Ball, location: 2F
2-1: Swinging Strike
2-2: Strikes out swinging
Bottom of the 2nd over - 0 runs, 1 hit, 0 errors, 1 left on base; Los Angeles 2 - Colorado 2
TOP OF THE 3RD
Los Angeles Dodgers batting - Pitching for Colorado Rockies : LHP Tyler Skaggs
Batting: RHB Jose Peraza 0-0: Ball
1-0: Ball
2-0: Fly out, F4 (Line Drive, 4)
Batting: RHB David Freese 0-0: Ball
1-0: Called Strike
1-1: Swinging Strike
1-2: Strikes out swinging
Batting: RHB Randal Grichuk 0-0: Foul Ball, location: 2F
0-1: Swinging Strike
0-2: Ball
1-2: Foul Ball, location: 2F
1-2: Foul Ball, location: 2F
1-2: Ball
2-2: SINGLE (Line Drive, 7S)
Batting: RHB Evan Gattis 0-0: Called Strike
0-1: Called Strike
0-2: Fielders Choice at 2nd, 6-4 (Groundball, 6)
Top of the 3rd over - 0 runs, 1 hit, 0 errors, 1 left on base; Los Angeles 2 - Colorado 2
BOTTOM OF THE 3RD
Colorado Rockies batting - Pitching for Los Angeles Dodgers : RHP Jeff Samardzija
Batting: RHB Mike Trout 0-0: Ball
1-0: Called Strike
1-1: Called Strike
1-2: Ball
2-2: Ball
3-2: Base on Balls
Batting: RHB Brett Lawrie 0-0: Grounds into double play, 6-4-3 (Groundball, 6)
Batting: RHB Jordy Mercer 0-0: Called Strike
0-1: Called Strike
0-2: Foul Ball, location: 2F
0-2: Ball
1-2: Strikes out swinging
Bottom of the 3rd over - 0 runs, 0 hits, 0 errors, 0 left on base; Los Angeles 2 - Colorado 2
TOP OF THE 4TH
Los Angeles Dodgers batting - Pitching for Colorado Rockies : LHP Tyler Skaggs
Batting: LHB Brett Gardner 0-0: Ball
1-0: Ball
2-0: Foul Ball, location: 2F
2-1: Foul Ball, location: 2F
2-2: Ground out 5-3 (Groundball, 5)
Batting: RHB Jonathan Schoop 0-0: Swinging Strike
0-1: Bunt for hit to 13 - play at first, batter OUT! 1-3
Batting: SHB Wilmer Difo 0-0: Ball
1-0: Called Strike
1-1: Fly out, F7 (Flyball, 7LM)
Top of the 4th over - 0 runs, 0 hits, 0 errors, 0 left on base; Los Angeles 2 - Colorado 2
BOTTOM OF THE 4TH
Colorado Rockies batting - Pitching for Los Angeles Dodgers : RHP Jeff Samardzija
Batting: LHB Tommy La Stella 0-0: Bunt for hit to 2L - play at first, batter OUT! 2-3
Batting: RHB Brandon Guyer 0-0: Ground out 4-3 (Groundball, 4S)
Batting: SHB Sandy Leon 0-0: Swinging Strike
0-1: Swinging Strike
0-2: Strikes out looking
Bottom of the 4th over - 0 runs, 0 hits, 0 errors, 0 left on base; Los Angeles 2 - Colorado 2
TOP OF THE 5TH
Los Angeles Dodgers batting - Pitching for Colorado Rockies : LHP Tyler Skaggs
Batting: RHB Jeff Samardzija 0-0: Called Strike
0-1: Ground out U3 (Groundball, 34)
Batting: RHB Mookie Betts 0-0: Swinging Strike
0-1: Foul Ball, location: 2F
0-2: Strikes out swinging
Batting: RHB Jose Peraza 0-0: Called Strike
0-1: Swinging Strike
0-2: Ball
1-2: Ball
2-2: SINGLE (Groundball, 56S) (infield hit)
Batting: RHB David Freese 0-0: Ball
1-0: Fielders Choice at 2nd, 6-4 (Groundball, 6)
Top of the 5th over - 0 runs, 1 hit, 0 errors, 1 left on base; Los Angeles 2 - Colorado 2
BOTTOM OF THE 5TH
Colorado Rockies batting - Pitching for Los Angeles Dodgers : RHP Jeff Samardzija
Batting: LHB Tyler Skaggs 0-0: Ball
1-0: Ball
2-0: Ball
3-0: Called Strike
3-1: Called Strike
3-2: Strikes out swinging
Batting: LHB Jake Bauers 0-0: Ball
1-0: Called Strike
1-1: Ground out 4-3 (Groundball, 4)
Batting: LHB Nick Markakis 0-0: Ball
1-0: Ball
2-0: SINGLE (Line Drive, 9LM)
Batting: RHB Mike Trout 0-0: Ball
1-0: Ball
2-0: 2-RUN HOME RUN (Flyball, 78XD), Distance : 462 ft
Batting: RHB Brett Lawrie 0-0: Ball
1-0: Called Strike
1-1: Swinging Strike
1-2: Ground out 4-3 (Groundball, 4)
Bottom of the 5th over - 2 runs, 2 hits, 0 errors, 0 left on base; Los Angeles 2 - Colorado 4
TOP OF THE 6TH
Los Angeles Dodgers batting - Pitching for Colorado Rockies : LHP Tyler Skaggs
Batting: RHB Randal Grichuk 0-0: Called Strike
0-1: Foul Ball, location: 2F
0-2: Fly out, F8 (Flyball, 8LD)
Batting: RHB Evan Gattis 0-0: Ball
1-0: Called Strike
1-1: Foul Ball, location: 2F
1-2: Ball
2-2: Foul Ball, location: 2F
2-2: Strikes out swinging
Batting: LHB Brett Gardner 0-0: Ball
1-0: Swinging Strike
1-1: Ball
2-1: Foul Ball, location: 2F
2-2: Ball
3-2: Base on Balls
Batting: RHB Jonathan Schoop 0-0: Ball
1-0: Called Strike
1-1: Ball
2-1: Called Strike
2-2: Ball
3-2: Base on Balls
Brett Gardner to second
Pitching: RHP Mauricio Cabrera
Batting: SHB Wilmer Difo 0-0: Called Strike
0-1: Ball
1-1: Ball
2-1: Ball
3-1: Base on Balls
Brett Gardner to third
Jonathan Schoop to second
Pinch Hitting: LHB Brian Goodwin 0-0: Called Strike
0-1: Foul Ball, location: 2F
0-2: Ball
1-2: Ball
2-2: Foul Ball, location: 2F
2-2: Ball
3-2: Base on Balls
Brett Gardner scores
Jonathan Schoop to third
Wilmer Difo to second
Batting: RHB Mookie Betts 0-0: Ball
1-0: Called Strike
1-1: SINGLE (Groundball, 6D)
Jonathan Schoop scores
Wilmer Difo to third
Brian Goodwin to second
Runner from 3rd tries for Home, throw by LF and OUT! 7-2
Top of the 6th over - 2 runs, 1 hit, 0 errors, 2 left on base; Los Angeles 4 - Colorado 4
BOTTOM OF THE 6TH
Colorado Rockies batting - Pitching for Los Angeles Dodgers : RHP Jeff Samardzija
Pitching: RHP Phil Maton
Batting: RHB Jordy Mercer 0-0: Ground out 4-3 (Groundball, 4)
Batting: LHB Tommy La Stella 0-0: Foul Ball, location: 2F
0-1: Ball
1-1: Ball
2-1: Swinging Strike
2-2: Foul Ball, location: 2F
2-2: Strikes out swinging
Batting: RHB Brandon Guyer 0-0: Ball
1-0: Swinging Strike
1-1: Ground out 1-3 (Groundball, 34S)
Bottom of the 6th over - 0 runs, 0 hits, 0 errors, 0 left on base; Los Angeles 4 - Colorado 4
TOP OF THE 7TH
Los Angeles Dodgers batting - Pitching for Colorado Rockies : RHP Mauricio Cabrera
Pitching: RHP Kazuhisa Makita
Batting: RHB Jose Peraza 0-0: Called Strike
0-1: Ball
1-1: Called Strike
1-2: Foul Ball, location: 2F
1-2: Ball
2-2: Ground out 6-3 (Groundball, 6)
Batting: RHB David Freese 0-0: Swinging Strike
0-1: Ball
1-1: Called Strike
1-2: Ball
2-2: Ball
3-2: SINGLE (Groundball, 6MD)
Batting: RHB Randal Grichuk 0-0: Swinging Strike
0-1: Ball
1-1: DOUBLE (Line Drive, 7LM)
David Freese to third
Runner from 3rd tries for Home, SAFE, no throw by LF
Batting: RHB Evan Gattis 0-0: Ball
1-0: Called Strike
1-1: Ball
2-1: Fly out, F7 (Flyball, 78S)
Batting: LHB Brett Gardner 0-0: Called Strike
0-1: Ball
1-1: Called Strike
1-2: Ball
2-2: Foul Ball, location: 2F
2-2: Foul Ball, location: 2F
2-2: Ball
3-2: Foul Ball, location: 2F
3-2: Fly out, F7 (Flyball, 7S)
Top of the 7th over - 1 run, 2 hits, 0 errors, 1 left on base; Los Angeles 5 - Colorado 4
BOTTOM OF THE 7TH
Colorado Rockies batting - Pitching for Los Angeles Dodgers : RHP Phil Maton
Pitching: RHP Jacob Barnes
Batting: SHB Sandy Leon 0-0: Ball
1-0: Called Strike
1-1: Ground out 4-3 (Groundball, 4)
Pinch Hitting: RHB Martin Prado 0-0: Ball
1-0: Called Strike
1-1: Ground out 1-3 (Groundball, P)
Batting: LHB Jake Bauers 0-0: Ball
1-0: Ball
2-0: Swinging Strike
2-1: Ground out 6-3 (Groundball, 6)
Bottom of the 7th over - 0 runs, 0 hits, 0 errors, 0 left on base; Los Angeles 5 - Colorado 4
TOP OF THE 8TH
Los Angeles Dodgers batting - Pitching for Colorado Rockies : RHP Kazuhisa Makita
Pitching: RHP Joaquin Benoit
Batting: RHB Jonathan Schoop 0-0: Foul Ball, location: 2F
0-1: Foul Ball, location: 2F
0-2: Strikes out swinging
Batting: SHB Wilmer Difo 0-0: Swinging Strike
0-1: Ball
1-1: Foul Ball, location: 2F
1-2: Foul Ball, location: 2F
1-2: Foul Ball, location: 2F
1-2: Ball
2-2: Foul Ball, location: 2F
2-2: Foul Ball, location: 2F
2-2: Foul Ball, location: 2F
2-2: Foul Ball, location: 2F
2-2: Strikes out swinging
Pinch Hitting: LHB Ichiro Suzuki 0-0: Called Strike
0-1: Foul Ball, location: 2F
0-2: Strikes out swinging
Top of the 8th over - 0 runs, 0 hits, 0 errors, 0 left on base; Los Angeles 5 - Colorado 4
BOTTOM OF THE 8TH
Colorado Rockies batting - Pitching for Los Angeles Dodgers : RHP Jacob Barnes
Pitching: RHP Scott Oberg
Batting: LHB Nick Markakis 0-0: Ball
1-0: Ball
2-0: Foul Ball, location: 2F
2-1: Foul Ball, location: 2F
2-2: Foul Ball, location: 2F
2-2: Foul Ball, location: 2F
2-2: Ball
3-2: Foul Ball, location: 2F
3-2: Base on Balls
Pitching: LHP Sam Freeman
Batting: RHB Mike Trout 0-0: Foul Ball, location: 2F
0-1: Grounds into double play, 4-6-3 (Groundball, 4)
Batting: RHB Brett Lawrie 0-0: Called Strike
0-1: Ball
1-1: Called Strike
1-2: Ground out 5-3 (Groundball, 56S)
Bottom of the 8th over - 0 runs, 0 hits, 0 errors, 0 left on base; Los Angeles 5 - Colorado 4
TOP OF THE 9TH
Los Angeles Dodgers batting - Pitching for Colorado Rockies : RHP Joaquin Benoit
Pitching: RHP Tommy Hunter
Batting: RHB Mookie Betts 0-0: Foul Ball, location: 2F
0-1: Ground out 4-3 (Groundball, 4)
Batting: RHB Jose Peraza 0-0: SINGLE (Groundball, 6MD)
Pinch Hitting: RHB Josh Donaldson 0-0: Ball
1-0: Called Strike
Jose Peraza steals 2nd base
1-1: Intentional Walk
Batting: RHB Randal Grichuk 0-0: Called Strike
0-1: Ball
1-1: Ball
2-1: Swinging Strike
2-2: Strikes out swinging
Pitching: LHP Jorge De La Rosa
Batting: RHB Evan Gattis 0-0: Ball
1-0: Ball
2-0: Called Strike
2-1: Ball
3-1: Base on Balls
Jose Peraza to third
Josh Donaldson to second
Batting: LHB Brett Gardner 0-0: Ground out 4-3 (Groundball, 4)
Top of the 9th over - 0 runs, 1 hit, 0 errors, 3 left on base; Los Angeles 5 - Colorado 4
BOTTOM OF THE 9TH
Colorado Rockies batting - Pitching for Los Angeles Dodgers : LHP Sam Freeman
Pitching: RHP Cody Allen
Now at C: Tony Wolters
Now at 1B: Sam Travis
Batting: RHB Jordy Mercer 0-0: Called Strike
0-1: Ball
1-1: Ball
2-1: Fly out, F8 (Line Drive, 8LD)
Batting: LHB Tommy La Stella 0-0: Ball
1-0: Foul Ball, location: 2F
1-1: Foul Ball, location: 2F
1-2: Ball
2-2: Strikes out looking
Batting: RHB Brandon Guyer 0-0: Ball
1-0: Fly out, F9 (Flyball, 89S)
Bottom of the 9th over - 0 runs, 0 hits, 0 errors, 0 left on base; Los Angeles 5 - Colorado 4
Sunday, August 5th, 2018 - OOTP Baseball 19.7 Build 59